 Dungeon Crawl Stone Soup version 0.21.0-25-ge575cb9 (webtiles) character file.

100240 JeffiDaFish the Spry (level 15, -14/141 HPs)
             Began as a Minotaur Fighter on Jan 24, 2018.
             Was the Champion of Okawaru.
             Demolished by a salamander
             ... wielding a +1 glaive
              (15 damage)
             ... on level 2 of the Snake Pit.
             The game lasted 00:58:39 (23455 turns).

JeffiDaFish the Spry (Minotaur Fighter)            Turns: 23455, Time: 00:58:40

Health: -14/141    AC: 30    Str: 23    XL:     15   Next: 80%
Magic:  0/4        EV: 22    Int:  6    God:    Okawaru [******]
Gold:   1697       SH:  0    Dex: 23    Spells: 14/14 levels left

rFire    . . .     SeeInvis .   c - +8 Wrath of Trog {antimagic, *Rage}
rCold    . . .     Gourm    .   (shield currently unavailable)
rNeg     . . .     Faith    .   B - +3 chain mail {rPois}
rPois    +         Spirit   +   y - +0 hat {MR+}
rElec    .         Reflect  .   p - +2 cloak {+Inv}
rCorr    .         Harm     .   h - +1 pair of gloves {Dex+3}
MR       ++...     Rnd*Rage +   r - +2 pair of boots {Stlth+}
Stlth    ..........             s - amulet of guardian spirit
HPRegen  0.33/turn              b - +5 ring of dexterity
MPRegen  0.09/turn              t - +4 ring of protection

@: lethally poisoned (-14 -> -19), berserk cooldown, studying Crossbows
A: retaliatory headbutt, horns 2, blurry vision 2, poison resistance, strong 1,
subdued magic 1
a: Heroism, Finesse, Renounce Religion, Evoke Invisibility


You were on level 2 of the Snake Pit.
You worshipped Okawaru.
Okawaru was exalted by your worship.
You were not hungry.

You visited 5 branches of the dungeon, and saw 26 of its levels.
You also visited: Labyrinth, Ossuary and Ice Cave.

You collected 2820 gold pieces.
You spent 1123 gold pieces at shops.

Inventory:

Hand Weapons
 c - the +8 Wrath of Trog (weapon) {antimagic, *Rage}
   (You acquired it on level 10 of the Dungeon)

   It reduces the magical energy of the wielder, and disrupts the spells and
   magical abilities of those hit.
   Natural abilities and divine invocations are not affected.
   It may make you go berserk in combat.
 H - a +2 executioner's axe of electrocution
Armour
 h - a +1 pair of gloves of dexterity (worn)
 p - a +2 cloak of invisibility (worn)
 r - a +2 pair of boots of stealth (worn)
 y - a +0 hat of magic resistance (worn)
 B - a +3 chain mail of poison resistance (worn)
Jewellery
 b - a +5 ring of dexterity (left hand)
 j - an uncursed ring of see invisible
 s - an amulet of guardian spirit (around neck)
 t - a +4 ring of protection (right hand)
 x - an uncursed ring of protection from magic
 A - an uncursed ring of flight
Wands
 E - a wand of clouds (4)
Scrolls
 e - 3 scrolls of fear
 k - 6 scrolls of identify
 l - 5 scrolls of fog
 m - 11 scrolls of remove curse
 q - 10 scrolls of blinking
 u - a scroll of teleportation
Potions
 a - 2 potions of flight
 d - 5 potions of might
 g - a potion of heal wounds
 i - 3 potions of haste
 o - 11 potions of curing
 w - 4 potions of resistance
 z - a potion of cancellation
 C - a potion of brilliance
 F - a potion of agility
Books
 n - a manual of Crossbows
Comestibles
 f - 49 rations


   Skills:
 + Level 15.6 Fighting
 + Level 15.3 Axes
 + Level 15.5 Armour
 - Level 17.8 Dodging
   Level 4.0 Shields


You had 14 spell levels left.
You didn't know any spells.

Dungeon Overview and Level Annotations

Branches:
Dungeon (15/15)            Temple (1/1) D:4            Lair (6/6) D:10
  Swamp (0/4) Lair:3        Snake (2/4) Lair:2        Slime (0/5) Lair:5
    Orc (2/2) D:10            Elf (0/3) Orc:2        Vaults (0/5) D:13
 Depths (0/5) D:15

Altars:
Ashenzari
Cheibriados
Dithmenos
Elyvilon
Fedhas
Gozag
Hepliaklqana
Kikubaaqudgha
Makhleb
Nemelex Xobeh
Okawaru
Qazlal
Ru
Sif Muna
Trog
Uskayaw
Vehumet
Wu Jian
Xom
Yredelemnul
Zin
The Shining One
Beogh

Shops:
Orc:2 :([!   Snake:1 }==   Snake:2 *

Annotations:
D:7 Prince Ribbit
Lair:5 exclusion: 4 oklob plants


Innate Abilities, Weirdness & Mutations

You reflexively headbutt those who attack you in melee.
You have a pair of horns on your head.
Scrolls take you longer to read.
Your system is resistant to poisons. (rPois)
Your muscles are strong. (Str +2)
Your spells are a little easier to cast, but a little less powerful.


Message History

You kill the naga warrior!
Okawaru accepts your kill.
You slash the naga warrior!
* * * LOW HITPOINT WARNING * * *
You feel sick. The naga spits poison at you. The splash of poison misses you.
The salamander closely misses you. The naga warrior misses you.
You furiously retaliate!
You headbutt the naga warrior, but do no damage.
The naga warrior constricts you.
You feel much better.
You feel sick.
Really read with blurry vision while enemies are nearby?
You feel sick. The naga warrior misses you. You furiously retaliate!
You headbutt the naga warrior!
You kill the naga warrior!
Okawaru accepts your kill.
The salamander hits you from afar with an enchanted glaive!!
* * * LOW HITPOINT WARNING * * *
You are engulfed in flames!
You die...

## ##### #)#### #...#
#)@).######..##
#N#).........#
.NS##....#....# ...NN
##...#..##### #....N
#...#......#### .......
#...#..#...#..# .......
#..)..###.##...
.......#.....###........
#.######.........


You could see a naga warrior, a salamander, a mana viper and 3 nagas.

Vanquished Creatures
  Gastronok (Lair:1)
  Frances (D:12)
  An orc warlord (Orc:2)
  An ettin (D:13)
  A minotaur (Lab)
  3 hydras
  5 vault guards (D:13)
  6 naga warriors
  Harold (D:11)
  5 centaur warriors
  5 two-headed ogres
  A death knight (D:14)
  3 shock serpents
  2 orc high priests
  4 naga sharpshooters (Snake:1)
  2 skeletal warriors (D:15)
  A fire crab (Lair:6)
  2 unseen horrors
  A wizard (D:13)
  A flayed ghost (D:15)
  A deep troll (D:15)
  A naga ritualist (Snake:1)
  A tengu zombie (D:15)
  A deep elf archer (D:13)
  A necromancer (D:15)
  A lindwurm (Lair:4)
  3 orc knights
  4 ugly things
  2 oklob plants (Lair:5)
  A frost giant zombie (D:15)
  2 manticores (D:15)
  3 cyclopes
  A deep elf mage (D:13)
  2 salamanders (Snake:2)
  2 ice statues (IceCv)
  8 elephants
  2 guardian serpents (Snake:2)
  3 naga magi (Snake:1)
  3 gargoyles (D:13)
  Psyche (D:8)
  A guardian serpent (shapeshifter) (D:13)
  9 black mambas
  A torpor snail (Lair:6)
  11 spiny frogs
  2 centaur skeletons
  4 rime drakes
  9 komodo dragons
  2 kobold demonologists
  2 ice devils (Lair:5)
  2 tengu conjurers
  13 trolls
  2 raiju (Lair:6)
  10 polar bears
  6 hippogriffs
  A slime creature (Lair:5)
  21 blink frogs
  4 dream sheep (Lair:6)
  A deep troll zombie (D:15)
  2 wyverns
  A spriggan (D:7)
  2 vampires
  2 shadows (D:15)
  5 basilisks
  A wraith (D:14)
  A deep troll skeleton (D:15)
  A human (D:13)
  35 yaks
  The ghost of SithPaladin the Shooter, an amateur CeAM of Wu Jian (D:3)
  4 vampire mosquitoes
  3 hungry ghosts
  13 nagas
  9 wargs
  13 hell hounds (Lair:6)
  10 porcupines
  12 water moccasins
  A swamp drake (Lair:1)
  A hornet zombie (D:14)
  22 orc warriors
  11 black bears (Lair:6)
  3 sky beasts
  9 ice beasts
  4 phantoms
  2 eyes of draining
  8 ogres
  A necrophage (D:14)
  24 wolves
  4 centaurs
  11 crocodiles
  4 big kobolds
  2 elf zombies (Ossuary)
  24 bullfrogs
  3 scorpions
  An electric eel (Lair:3)
  8 wights
  7 howler monkeys
  2 centaur zombies (Ossuary)
  2 quasits
  4 crimson imps
  4 hounds
  6 bullfrog skeletons
  2 human zombies (Ossuary)
  10 jellies
  28 orc priests
  Crazy Yiuf (D:6)
  2 iguanas
  29 orc wizards
  12 worker ants
  2 big kobold zombies (Ossuary)
  2 hound zombies
  3 mummies (Ossuary)
  Robin (D:2)
  13 adders
  7 gnolls
  A river rat (Lair:1)
  4 shadow imps
  2 oozes
  4 adder zombies
  An adder skeleton (D:3)
  5 worms
  3 dart slugs
  9 leopard geckos
  103 orcs
  8 bats
  A bat zombie (D:3)
  8 giant cockroaches
  3 gnoll zombies (Ossuary)
  17 goblins
  16 hobgoblins
  2 jackals (D:2)
  13 quokkas
  A ball python (D:2)
  A ball python zombie (D:5)
  10 frilled lizards
  A giant cockroach zombie (D:6)
  4 goblin zombies (Ossuary)
  2 hobgoblin zombies (Ossuary)
  5 jackal zombies (Ossuary)
  14 kobolds
  8 kobold zombies (Ossuary)
  2 leopard gecko skeletons
  An orc zombie (Ossuary)
  A quokka zombie (Ossuary)
  7 rats
  7 rat zombies
  A fungus (Lair:1)
  15 plants
866 creatures vanquished.

Vanquished Creatures (others)
  4 fungi
  19 plants
  A withered plant (D:15)
24 creatures vanquished.

Grand Total: 890 creatures vanquished

Notes
Turn   | Place    | Note
-------+----------+-------------------------------------------
     0 | D:1      | JeffiDaFish the Minotaur Fighter began the quest for the Orb.
     0 | D:1      | Reached XP level 1. HP: 19/19 MP: 0/0
    50 | D:1      | Reached XP level 2. HP: 27/27 MP: 1/1
    70 | D:1      | Found a sparkling altar of Nemelex Xobeh.
   508 | D:1      | Reached XP level 3. HP: 33/33 MP: 2/2
   859 | D:2      | Reached skill level 1 in Dodging
   912 | D:2      | Noticed Robin
   919 | D:2      | Reached XP level 4. HP: 27/40 MP: 3/3
   921 | D:2      | Killed Robin
  1163 | D:2      | Reached skill level 2 in Dodging
  1276 | D:2      | Found a hazy altar of Hepliaklqana.
  1277 | D:2      | Found a burning altar of Makhleb.
  1472 | D:3      | Reached XP level 5. HP: 47/47 MP: 4/4
  1757 | D:3      | Reached skill level 3 in Dodging
  1923 | D:3      | Noticed a phantom
  1975 | D:3      | Killed a phantom
  1975 | D:3      | Reached skill level 5 in Fighting
  1975 | D:3      | Reached skill level 5 in Armour
  1975 | D:3      | Reached XP level 6. HP: 31/56 MP: 5/5
  2114 | D:3      | Noticed SithPaladin's ghost (amateur CeAM)
  2129 | D:3      | Killed SithPaladin's ghost
  2129 | D:3      | Reached skill level 4 in Dodging
  2421 | D:3      | Found an ancient bone altar of Kikubaaqudgha.
  2654 | D:3      | Found a deep blue altar of Sif Muna.
  2811 | D:4      | Found a staircase to the Ecumenical Temple.
  2825 | D:4      | Reached XP level 7. HP: 52/61 MP: 6/6
  2829 | Temple   | Entered the Ecumenical Temple
  2882 | Temple   | Became a worshipper of Warmaster Okawaru
  3053 | D:4      | Gained mutation: Your system is resistant to poisons. (rPois) [potion of mutation]
  3053 | D:4      | Gained mutation: Scrolls take you a little longer to read. [potion of mutation]
  3053 | D:4      | Gained mutation: Your muscles are strong. (Str +2) [potion of mutation]
  3222 | D:4      | Reached skill level 5 in Dodging
  3235 | D:4      | Reached skill level 5 in Axes
  3242 | D:4      | Found an opulent altar of Gozag.
  3341 | D:4      | Found a sand-covered staircase.
  3356 | Ossuary  | Entered an ossuary
  3512 | Ossuary  | Reached * piety under Okawaru
  3539 | Ossuary  | Reached XP level 8. HP: 61/70 MP: 7/7
  3561 | Ossuary  | Reached skill level 6 in Dodging
  4100 | D:5      | Entered Level 5 of the Dungeon
  4425 | D:5      | Reached skill level 7 in Dodging
  4438 | D:5      | Reached ** piety under Okawaru
  4568 | D:5      | Found a hide-covered altar of Uskayaw.
  4865 | D:6      | Found a runed door.
  4869 | D:6      | Noticed Crazy Yiuf
  4876 | D:6      | Killed Crazy Yiuf
  5453 | D:7      | Found a glowing silver altar of Zin.
  5516 | D:7      | Found a blossoming altar of Fedhas.
  5544 | D:7      | Reached XP level 9. HP: 67/79 MP: 6/8
  5658 | D:7      | Reached skill level 8 in Dodging
  5736 | D:7      | Found a blossoming altar of Fedhas.
  5738 | D:7      | Found a stormy altar of Qazlal.
  5740 | D:7      | Noticed Prince Ribbit
  6223 | D:8      | Reached *** piety under Okawaru
  6223 | D:8      | Received a gift from Okawaru
  6447 | D:8      | Found a shattered altar of Ashenzari.
  6475 | D:8      | Noticed Psyche
  6481 | D:8      | Killed Psyche
  6481 | D:8      | Reached skill level 9 in Dodging
  6802 | D:9      | Found a bloodstained altar of Trog.
  6881 | D:9      | Noticed a troll
  6914 | D:9      | Reached XP level 10. HP: 90/90 MP: 9/9
  6938 | D:9      | Reached skill level 10 in Dodging
  6951 | D:9      | Found a sparkling altar of Nemelex Xobeh.
  7077 | D:9      | Found a white marble altar of Elyvilon.
  7124 | D:9      | Reached **** piety under Okawaru
  7166 | D:9      | Found a basalt altar of Yredelemnul.
  7477 | D:10     | Entered Level 10 of the Dungeon
  7489 | D:10     | Found a staircase to the Lair.
  7555 | D:10     | Identified a scroll of acquirement
  7555 | D:10     | Found the +8 Wrath of Trog {antimagic, *Rage}
  7623 | D:10     | Found a staircase to the Orcish Mines.
  8114 | Lair:1   | Entered Level 1 of the Lair of Beasts
  8140 | Lair:1   | Noticed a black mamba
  8142 | Lair:1   | Killed a black mamba
  8142 | Lair:1   | Received a gift from Okawaru
  8145 | Lair:1   | Reached skill level 11 in Dodging
  8202 | Lair:1   | Reached ***** piety under Okawaru
  8209 | Lair:1   | Reached XP level 11. HP: 99/99 MP: 1/10
  8216 | Lair:1   | Reached skill level 10 in Fighting
  8279 | Lair:1   | Noticed Gastronok
  8286 | Lair:1   | Reached skill level 10 in Armour
  8313 | Lair:1   | Killed Gastronok
  8313 | Lair:1   | Reached skill level 10 in Axes
  8313 | Lair:1   | Reached skill level 12 in Dodging
  8313 | Lair:1   | Reached ****** piety under Okawaru
  8826 | Lair:2   | Found a staircase to the Snake Pit.
  8949 | Lair:2   | Identified the +2 shortbow of Joyful Slaughter {velocity, Dex+3} (You found it on level 2 of the Lair of Beasts)
  9187 | Lair:2   | Received a gift from Okawaru
  9727 | Lair:3   | Reached skill level 13 in Dodging
  9777 | Lair:3   | Reached XP level 12. HP: 106/110 MP: 3/11
  9778 | Lair:3   | Received a gift from Okawaru
  9823 | Lair:3   | Found a staircase to the Swamp.
 10221 | Lair:4   | Noticed a seven-headed hydra
 10226 | Lair:4   | Killed a nine-headed hydra
 10770 | Lair:4   | Noticed a five-headed hydra
 10775 | Lair:4   | Killed an eight-headed hydra
 11062 | Lair:5   | Found a frozen archway.
 11067 | Lair:5   | Reached skill level 14 in Dodging
 11080 | IceCv    | Entered an ice cave
 11081 | IceCv    | Found a transporter.
 11634 | Lair:5   | Received a gift from Okawaru
 12019 | Lair:5   | Found a staircase to the Slime Pits.
 12241 | Lair:5   | Reached XP level 13. HP: 118/118 MP: 4/12
 12722 | Lair:6   | Entered Level 6 of the Lair of Beasts
 12782 | Lair:6   | Found a labyrinth entrance.
 12804 | Lab      | Entered a labyrinth
 13050 | Lab      | Noticed a minotaur
 13054 | Lab      | Killed a minotaur
 13054 | Lab      | Reached skill level 15 in Dodging
 13654 | Lair:6   | Received a gift from Okawaru
 14122 | Lair:6   | Reached skill level 16 in Dodging
 14464 | Lair:6   | Reached XP level 14. HP: 129/129 MP: 4/13
 14680 | Lair:6   | Received a gift from Okawaru
 15617 | D:11     | Noticed Harold
 15626 | D:11     | Killed Harold
 15739 | D:11     | Found a shattered altar of Ashenzari.
 16396 | D:12     | Noticed Frances
 16407 | D:12     | Killed Frances
 17382 | D:13     | Found a gate to the Vaults.
 17460 | D:13     | Received a gift from Okawaru
 17864 | D:13     | Reached skill level 17 in Dodging
 19045 | D:14     | Received a gift from Okawaru
 19113 | D:15     | Entered Level 15 of the Dungeon
 19299 | D:15     | Found Nudyw's Antique Armour Shoppe.
 19341 | D:15     | Reached XP level 15. HP: 136/139 MP: 4/14
 19395 | D:15     | Found a staircase to the Depths.
 19782 | D:15     | Found a bloodstained altar of Trog.
 20105 | Orc:1    | Entered Level 1 of the Orcish Mines
 20228 | Orc:1    | Found a roughly hewn altar of Beogh.
 20238 | Orc:1    | Gained mutation: Scrolls take you longer to read. [a neqoxec]
 20239 | Orc:1    | Gained mutation: Your spells are a little easier to cast, but a little less powerful. [a neqoxec]
 20631 | Orc:2    | Entered Level 2 of the Orcish Mines
 20800 | Orc:2    | Found a staircase to the Elven Halls.
 21065 | Orc:2    | Found a roughly hewn altar of Beogh.
 21330 | Orc:2    | Found a roughly hewn altar of Beogh.
 21342 | Orc:2    | Found Ijiomyd's Book Shoppe.
 21436 | Orc:2    | Noticed an orc warlord
 21457 | Orc:2    | Killed an orc warlord
 21785 | Orc:2    | Found a roughly hewn altar of Beogh.
 21794 | Orc:2    | Found Teumnux's Distillery.
 21815 | Orc:2    | Bought a potion of haste for 150 gold pieces
 21815 | Orc:2    | Bought a potion of might for 60 gold pieces
 21858 | Orc:2    | Reached skill level 15 in Fighting
 21868 | Orc:2    | Found Keaqas's Antique Weapon Emporium.
 21882 | Orc:2    | Found Raesemn's Antique Armour Shoppe.
 21886 | Orc:2    | Found a roughly hewn altar of Beogh.
 21904 | Orc:2    | Bought a pair of runed gloves for 217 gold pieces
 22052 | Snake:1  | Entered Level 1 of the Snake Pit
 22059 | Snake:1  | Reached skill level 15 in Armour
 22361 | Snake:1  | Received a gift from Okawaru
 22509 | Snake:1  | Reached skill level 15 in Axes
 22685 | Snake:1  | Found an ancient bone altar of Kikubaaqudgha.
 22802 | Snake:1  | Found Tawimunn's Gadget Shop.
 22802 | Snake:1  | Found Ysaat's Jewellery Emporium.
 22803 | Snake:1  | Found Haicoff's Jewellery Emporium.
 22808 | Snake:1  | Bought an uncursed ring of see invisible for 210 gold pieces
 22812 | Snake:1  | Bought a +4 ring of protection for 432 gold pieces
 23057 | Snake:2  | Found Kuqiog's Assorted Antiques.
 23189 | Snake:2  | Bought 2 scrolls labeled KAROYSHRECA for 54 gold pieces
 23452 | Snake:2  | HP: 3/141 [naga warrior/battleaxe (7)]
 23455 | Snake:2  | HP: 1/141 [salamander/enchanted glaive (16)]
 23455 | Snake:2  | Demolished by a salamander

Skill      XL: |  1  2  3  4  5  6  7  8  9 10 11 12 13 14 15 |
---------------+----------------------------------------------+-----
Armour         | 4 5 6 7 8 9 11 12 13 14 15 | 15.5
Fighting       | 4 5 6 7 8 9 11 12 13 14 15 | 15.6
Shields        | 4 |  4.0
Axes           | 3 4 5 6 8 9 10 11 13 14 15 | 15.3
Dodging        | 1 2 3 4 5 7 9 11 13 14 16 17 | 17.8

Action                   |  1- 3 |  4- 6 |  7- 9 | 10-12 | 13-15 || total
-------------------------+-------+-------+-------+-------+-------++-------
Melee: War axe           |    78 |   163 |   374 |    63 |       ||   678
       Headbutt          |     6 |    21 |    77 |   105 |   238 ||   447
       Battleaxe         |       |       |       |   282 |   832 ||  1114
  Use: Scroll            |     4 |     3 |     8 |     8 |    15 ||    38
       Potion            |     1 |     3 |     4 |     9 |     8 ||    25
  Eat: Chunk             |       |     6 |    14 |    21 |    36 ||    77
       Ration            |       |       |       |       |     1 ||     1
Armor: Scale mail        |    38 |    78 |    53 |       |       ||   169
       Plate armour      |       |       |    81 |   139 |       ||   220
       Chain mail        |       |       |       |    94 |   444 ||   538
Dodge: Dodged            |    44 |    94 |   159 |   332 |   951 ||  1580
Block: Shield            |    27 |       |       |       |       ||    27
       Buckler           |     9 |    42 |    87 |    25 |       ||   163
